Map: White Rabbit LE

Players

Salamanca - Winner!

  • Race: Protoss Protoss
  • League: Diamond
  • Spawn Location: 7:00

roy

  • Race: Terran Terran
  • League: Diamond
  • Spawn Location: 1:00

VOD

Have the link to the VOD?

Description

Time

  • Played on: May 17, 2026, 5:46 a.m.
  • Length: 15:00
Show
View Real Time Build Order
Export as new Build Order

Salamanca Protoss - Winner!

Build Orders: 1 Gate Expand 

Get SALT Encoding   

  12  0:00  Probe  
  13  0:12  Probe  
  14  0:17  Pylon  
  14  0:24  Probe  
  15  0:35  Probe  
  15  0:36  Gateway  
  16  0:43  Probe  
  17  0:56  Probe  
  18  1:08  Probe  
  19  1:20  Probe, Nexus  
  20  1:30  Cybernetics Core  
  20  1:34  Assimilator  
  20  1:37  Probe  
  21  1:45  Pylon  
  21  1:49  Probe  
  22  2:06  Stalker  
  22  2:08  Gateway  
  22  2:18  Shield Battery  
  24  2:23  Assimilator  
  24  2:25  Pylon  
  24  2:28  Probe  
  24  2:29  Probe  
  24  2:36  Probe  
  26  2:37  Probe, Stalker  
  30  2:51  Warp Gate  
  30  2:56  Stalker  
  30  3:03  Probe x2  
  34  3:07  Stalker  
  36  3:15  Probe x2  
  36  3:17  Shield Battery  
  38  3:23  Stalker  
  40  3:27  Probe  
  40  3:28  Probe  
  42  3:39  Probe  
  42  3:41  Probe  
  44  3:46  Twilight Council  
  42  3:52  Probe  
  42  3:53  Probe  
  44  4:01  Pylon  
  44  4:04  Probe  
  44  4:05  Probe  
  44  4:08  Charge  
  46  4:11  Forge  
  46  4:17  Stalker  
  46  4:18  Stalker  
  46  4:23  Probe x2  
  52  4:27  Protoss Ground Armor Level 1, Pylon  
  52  4:38  Gateway  
  52  4:40  Gateway  
  52  4:42  Gateway  
  52  4:55  Assimilator  
  52  4:57  Assimilator  
  52  5:05  Zealot  
  52  5:06  Nexus  
  54  5:08  Pylon  
  54  5:10  Zealot  
  56  5:40  Robotics Facility  
  55  5:44  Zealot  
  55  5:45  Zealot x4  
  61  6:12  Protoss Ground Armor Level 2, Probe x2  
  61  6:17  Forge  
  63  6:21  Zealot x5  
  63  6:22  Pylon  
  63  6:24  Probe x2  
  63  6:25  Pylon  
  75  6:30  Robotics Bay  
  75  6:34  Probe  
  75  6:36  Probe  
  75  6:37  Probe  
  78  6:45  Protoss Ground Weapons Level 1  
  78  6:46  Probe  
  79  6:49  Probe x2, Photon Cannon  
  79  6:50  Photon Cannon  
  79  6:51  Shield Battery  
  79  6:52  Shield Battery  
  81  6:58  Probe  
  81  7:01  Probe x2  
  82  7:03  Observer  
  83  7:09  Zealot x5  
  83  7:10  Probe  
  83  7:13  Probe  
  95  7:21  Observer  
  96  7:27  Zealot x2  
  100  7:33  Pylon  
  100  7:34  Pylon  
  100  7:36  Pylon  
  100  7:40  Robotics Facility  
  100  7:50  Colossus  
  106  7:56  Zealot x3, Gateway  
  106  7:57  Zealot  
  114  7:58  Gateway  
  114  8:02  Pylon  
  114  8:05  Pylon  
  114  8:11  Extended Thermal Lance  
  114  8:17  Colossus  
  114  8:18  Pylon  
  114  8:33  Pylon, Protoss Ground Weapons Level 2  
  119  8:34  Colossus  
  119  8:36  Probe x3  
  122  8:46  Pylon  
  129  8:48  Probe x2  
  130  8:58  Photon Cannon  
  130  9:00  Photon Cannon  
  130  9:02  Shield Battery  
  130  9:04  Protoss Ground Armor Level 3  
  128  9:11  Colossus  
  134  9:27  Colossus  
  134  9:28  Probe x2  
  142  9:40  Zealot x6  
  151  9:57  Zealot  
  153  10:00  Zealot x2  
  153  10:03  Nexus  
  153  10:06  Pylon  
  157  10:08  Pylon  
  157  10:10  Pylon  
  157  10:11  Assimilator x2, Pylon  
  157  10:12  Pylon  
  151  10:28  Photon Cannon  
  151  10:29  Photon Cannon  
  151  10:31  Photon Cannon  
  151  10:33  Shield Battery, Warp Prism x2  
  151  10:35  Shield Battery  
  155  10:40  Protoss Ground Weapons Level 3  
  151  10:43  Templar Archives  
  151  10:50  Photon Cannon  
  151  10:52  Shield Battery  
  151  10:59  Photon Cannon  
  151  11:00  Photon Cannon  
  151  11:04  Photon Cannon  
  151  11:05  Photon Cannon  
  151  11:06  Shield Battery  
  151  11:09  Observer x2, Shield Battery  
  153  11:20  Probe  
  153  11:21  Probe x2  
  153  11:22  Photon Cannon  
  153  11:24  Probe  
  157  11:28  Probe  
  157  11:29  Probe  
  158  11:36  Psionic Storm  
  147  11:45  Protoss Shields Level 1  
  147  11:50  High Templar x3  
  147  11:51  High Templar x4  
  161  11:58  Probe x2  
  161  11:59  Probe x2  
  165  12:10  Probe  
  166  12:16  Gateway  
  166  12:18  Gateway  
  166  12:20  Gateway  
  166  12:22  Gateway  
  166  12:37  Observer x2  
  166  12:42  Gravitic Drive  
  166  12:55  Assimilator  
  166  12:56  Assimilator  
  166  13:07  Stalker x4, Nexus  
  166  13:08  Pylon, Stalker x3  
  166  13:10  Pylon x2  
  180  13:28  Photon Cannon x2  
  180  13:30  Photon Cannon  
  178  13:39  Warp Prism x2  
  182  13:44  Probe x3  
  182  13:45  Probe  
  182  13:48  Photon Cannon  
  186  13:49  Photon Cannon  
  186  13:50  Photon Cannon  
  186  13:52  Photon Cannon, Shield Battery  
  186  13:53  Shield Battery  
  186  13:54  Shield Battery  
  186  13:56  Shield Battery  
  186  13:59  Shield Battery  
  186  14:03  Zealot x2  
  186  14:04  Zealot x4  
Show
View Real Time Build Order
Export as new Build Order

roy Terran 

Build Orders:  

Get SALT Encoding   

  12  0:00  SCV  
  13  0:12  SCV  
  14  0:17  Supply Depot  
  14  0:24  SCV  
  15  0:39  SCV  
  15  0:40  Barracks  
  16  0:51  SCV  
  16  0:53  Supply Depot  
  17  1:03  SCV  
  18  1:15  SCV  
  19  1:22  Barracks  
  19  1:25  Barracks  
  19  1:27  Marine  
  19  1:32  Orbital Command  
  20  1:47  Refinery, Marine  
  21  1:58  SCV  
  22  2:01  Bunker  
  22  2:07  Marine  
  23  2:12  Marine x2  
  23  2:13  SCV  
  23  2:14  Refinery  
  26  2:25  SCV  
  26  2:27  Marine  
  28  2:42  Command Center  
  28  2:43  Barracks Tech Lab  
  28  2:44  Barracks Tech Lab  
  28  2:53  Supply Depot  
  28  2:54  SCV  
  28  2:56  Barracks Reactor  
  29  3:04  Marauder  
  31  3:07  Concussive Shells  
  31  3:15  SCV  
  32  3:21  Engineering Bay  
  32  3:24  Supply Depot  
  32  3:26  Marauder  
  34  3:28  Marine  
  34  3:32  SCV  
  36  3:40  Supply Depot  
  35  3:47  SCV  
  36  3:56  Orbital Command  
  36  3:59  Terran Infantry Weapons Level 1  
  36  4:02  Stimpack  
  36  4:03  SCV  
  37  4:14  Marauder  
  37  4:15  SCV  
  40  4:22  Marauder  
  40  4:23  SCV  
  43  4:28  Combat Shield  
  43  4:30  SCV  
  44  4:34  Marine  
  44  4:35  Marine  
  44  4:36  Refinery  
  44  4:38  SCV  
  47  4:40  Marine  
  47  4:44  Supply Depot  
  48  4:53  Factory  
  48  4:54  SCV x2  
  48  4:56  Marauder  
  52  5:04  Marine x2, Marauder  
  56  5:10  SCV  
  56  5:11  SCV  
  58  5:18  Missile Turret  
  58  5:19  Marauder  
  60  5:32  Marine  
  60  5:33  Marine, Marauder  
  64  5:48  Marauder, Factory Reactor  
  66  5:53  Terran Infantry Armor Level 1  
  66  5:54  Marauder  
  67  6:07  Marine x2  
  67  6:09  Marauder  
  65  6:15  Barracks  
  65  6:16  SCV x2  
  65  6:17  Marauder  
  69  6:18  Starport, Barracks  
  69  6:26  Widow Mine x2  
  69  6:28  SCV x2  
  69  6:31  Marauder  
  77  6:38  Supply Depot  
  77  6:39  Supply Depot  
  77  6:43  Marine  
  78  6:55  Starport Reactor  
  78  6:59  Marine, Marauder, Widow Mine x2  
  85  7:03  Command Center  
  85  7:04  Barracks Tech Lab  
  85  7:05  Barracks Reactor  
  85  7:11  Marauder, Marine  
  85  7:15  Supply Depot  
  88  7:16  Supply Depot  
  88  7:17  Marine  
  89  7:24  Widow Mine x2  
  93  7:30  Barracks  
  93  7:31  SCV  
  93  7:32  Barracks  
  93  7:36  Medivac x2, SCV  
  99  7:44  Refinery, Marauder  
  101  7:51  Supply Depot  
  101  7:59  SCV x2  
  101  8:01  Marauder  
  105  8:07  Medivac  
  105  8:12  Marauder  
  109  8:14  Supply Depot  
  109  8:18  Orbital Command  
  109  8:20  Marauder  
  109  8:22  Barracks Tech Lab  
  109  8:25  Barracks Reactor  
  111  8:32  Widow Mine x2  
  115  8:42  Marauder x2  
  119  8:52  Marauder x2  
  123  8:56  Armory  
  123  9:06  Factory  
  123  9:07  Marauder x2  
  127  9:13  SCV  
  127  9:14  SCV  
  129  9:21  Orbital Command  
  129  9:27  Marauder, Marine  
  129  9:28  Marauder  
  134  9:32  Starport  
  134  9:46  SCV  
  134  9:47  SCV x2  
  135  9:55  Factory Tech Lab  
  135  10:00  SCV x3  
  138  10:09  Marauder  
  138  10:10  Command Center  
  138  10:11  Starport Reactor  
  138  10:14  Marauder x3  
  141  10:21  Widow Mine x3  
  139  10:26  Drilling Claws  
  139  10:36  Terran Infantry Weapons Level 2  
  139  10:43  Viking x2  
  143  10:50  Marauder x3  
  143  10:52  Sensor Tower  
  143  10:55  Refinery, Marauder  
  151  10:59  Supply Depot  
  151  11:01  Supply Depot x2  
  151  11:02  Refinery  
  151  11:04  Widow Mine x2  
  151  11:05  Widow Mine  
  157  11:16  Supply Depot  
  157  11:21  Viking  
  159  11:26  Supply Depot  
  159  11:27  Supply Depot  
  157  11:38  Missile Turret x2  
  145  11:41  Missile Turret  
  145  11:45  Viking x3  
  151  11:58  Marauder x4, Marine  
  160  12:11  Terran Ship Weapons Level 1  
  160  12:15  Fusion Core  
  160  12:21  Ghost Academy  
  160  12:26  SCV x2  
  160  12:27  SCV  
  163  12:34  Command Center  
  167  12:51  Marauder x2  
  167  12:52  Marauder  
  167  12:54  Personal Cloaking  
  167  12:57  Planetary Fortress  
  169  12:59  Caduceus Reactor  
  169  13:05  Sensor Tower  
  169  13:09  SCV x3  
  180  13:21  SCV  
  181  13:39  Marine x4  
  181  13:40  Marine x2  
  187  13:45  Unknown x3  
  187  13:46  Marauder x3  
  187  13:47  Unknown  
  193  13:56  Liberator  
  193  13:57  Liberator  
Tags
 
Add a new tag
Caveats
  • Supply blocks, unpowered buildings, or Contaminate may cause inaccurate times.
  • Supply counts are checked every 10 seconds.